 Dungeon Crawl Stone Soup version 0.19.5 (webtiles) character file.

115 Ponchio the Conjurer (level 4, -2/24 HPs)
             Began as a Deep Elf Conjurer on June 19, 2017.
             Killed by divine providence
             ... invoked by an orc priest
              (13 damage)
             ... on level 3 of the Dungeon.
             The game lasted 00:09:03 (2884 turns).

Ponchio the Conjurer (Deep Elf Conjurer)            Turns: 2884, Time: 00:09:04

Health: -2/24      AC:  3    Str:  5    XL:     4   Next: 68%
Magic:  9/13       EV: 13    Int: 21    God:
Gold:   166        SH:  0    Dex: 15    Spells: 2 memorised, 9 levels left

rFire  . . .     SeeInvis .     q - -2 short sword (curse)
rCold  . . .     Gourm    .     a - +0 robe
rNeg   . . .     Faith    .     (no shield)
rPois  .         Spirit   .     m - +0 helmet
rElec  .         Reflect  .     (no cloak)
rCorr  .         Harm     .     (no gloves)
MR     .....                    (no boots)
Stlth  ++........               (no amulet)
                                (no ring)
                                (no ring)

@: no status effects
A: no striking features
a: no special abilities


You were on level 3 of the Dungeon.
You were not hungry.

You visited 1 branch of the dungeon, and saw 3 of its levels.

You collected 166 gold pieces.

Inventory:

Hand Weapons
 d - a +0 whip
 j - a +0 dagger
 q - a cursed -2 short sword (weapon)
Armour
 a - a +0 robe (worn)
 m - a +0 helmet (worn)
Wands
 o - a wand of random effects (27/48)
 v - a wand of flame (37/48)
Scrolls
 k - a scroll of amnesia {unknown}
 l - 3 scrolls of identify {unknown}
 n - 2 scrolls of recharging {unknown}
 r - a scroll of teleportation {unknown}
 s - a scroll of enchant armour {unknown}
 u - a scroll of random uselessness {unknown}
Potions
 e - a potion of agility {unknown}
 g - 2 potions of brilliance {unknown}
 h - a potion of flight {unknown}
 i - a potion of mutation {unknown}
 p - 2 potions of curing {unknown}
Books
 b - a book of Conjurations

   Spells                             Type                      Level
   a - Magic Dart                     Conjuration                  1
   b - Searing Ray                    Conjuration                  2
   c - Dazzling Spray                 Conjuration/Hexes            3
   d - Fulminant Prism                Conjuration/Hexes            4
   e - Iskenderun's Mystic Blast      Conjuration                  4
   f - Iskenderun's Battlesphere      Conjuration/Charms           5
Comestibles
 c - 3 bread rations
 f - a royal jelly
 t - a chunk of flesh


   Skills:
 - Level 2.4 Dodging
 - Level 2.4 Stealth
 + Level 5.2 Spellcasting
 + Level 5.6 Conjurations


You had 9 spell levels left.
You knew the following spells:

 Your Spells              Type           Power        Failure   Level  Hunger
a - Magic Dart            Conj           ####         1%          1    None
b - Dazzling Spray        Conj/Hex       ###...       12%         3    ##.....


Dungeon Overview and Level Annotations

Branches:
Dungeon (3/15)

Altars:
Elyvilon


Message History

The orc hits you but does no damage.
An orc priest comes into view. It is wielding a flail.
The orc priest shouts!
You hit the orc.
The orc is heavily wounded.
The orc barely misses you.
An orc comes into view. It is wielding a hand axe.
Casting: Magic Dart
Confirm with . or Enter, or press ? or * to list all spells.
Okay, then.
The orc priest mumbles some strange prayers to Beogh against you.
Beogh smites you!
Ouch! That really hurt!
The orc priest calls upon Beogh to heal the orc.
The orc's wounds heal themselves!
The orc priest looks satisfied for a moment.
The orc priest invokes the aid of Beogh against you.
Beogh smites you!
Ouch! That really hurt!
You die...

#..##........##.####
#..##........##.#
#..##............
#................
#.###........... #.#
#...<....##..
#.####..####.##...
#.........[...(
#####..@..##
#########)#o#.#####
#......#............
... #....#.#.#####
.....##.............
#..)..)#.#######
#...............
##.#..##o#######
......##.#
#############.


You could see an orc priest and an orc.

Vanquished Creatures
  3 adders
  An ooze (D:1)
  2 worms
  2 dart slugs (D:1)
  5 leopard geckos
  9 orcs (D:3)
  3 giant cockroaches
  6 goblins
  5 hobgoblins
  2 jackals (D:2)
  A quokka (D:2)
  3 bats
  5 frilled lizards
  7 kobolds
  5 rats
59 creatures vanquished.

Notes
Turn   | Place    | Note
-------+----------+-------------------------------------------
     0 | D:1      | Ponchio the Deep Elf Conjurer began the quest for the Orb.
     0 | D:1      | Reached XP level 1. HP: 10/10 MP: 6/6
   120 | D:1      | Reached XP level 2. HP: 15/15 MP: 3/8
  1075 | D:2      | Reached XP level 3. HP: 19/19 MP: 5/10
  1080 | D:2      | Learned a level 3 spell: Dazzling Spray
  1127 | D:2      | Found a white marble altar of Elyvilon.
  1211 | D:2      | Reached skill level 5 in Conjurations
  1807 | D:2      | Found a white marble altar of Elyvilon.
  2230 | D:3      | Reached XP level 4. HP: 24/24 MP: 8/12
  2398 | D:3      | Reached skill level 5 in Spellcasting
  2884 | D:3      | Killed from afar by an orc priest

Skill      XL: |  1  2  3  4 |
---------------+-------------+-----
Spellcasting   | 4 5 |  5.2
Conjurations   | 5 |  5.6
Dodging        | |  2.4
Stealth        | |  2.4

Action                   |  1- 3 |  4- 6 || total
-------------------------+-------+-------++-------
Melee: Unarmed           |     4 |       ||     4
       Short sword       |       |     8 ||     8
 Cast: Magic Dart        |    80 |    56 ||   136
  Eat: Chunk             |     4 |     2 ||     6
Armor: Robe              |     2 |     3 ||     5
Dodge: Dodged            |    13 |     7 ||    20
